 Dungeon Crawl Stone Soup version 0.30-a0-852-g08b95dd62f (webtiles) character file.

Game seed: 12434254531072439206

2060 cforsyth the Thaumaturge (level 9, 0/67 HPs)
             Began as a Deep Elf Earth Elementalist on Mar 5, 2023.
             Was a Follower of Vehumet.
             Succumbed to a scorpion's poison
             ... on level 6 of the Dungeon.
             The game lasted 00:04:48 (4811 turns).

cforsyth the Thaumaturge (DEEE)                     Turns: 4811, Time: 00:04:49

Health: 0/67       AC: 24    Str:  5    XL:     9   Next: 5%
Magic:  24/26      EV:  2    Int: 37    God:    Vehumet [*.....]
Gold:   306        SH:  0    Dex: 15    Spells: 29/30 levels left

rFire   . . .      SeeInvis .    (no weapon)
rCold   . . .      Faith    .    (no shield)
rNeg    . . .      Spirit   .    a - melded +0 robe
rPois   +          Reflect  .    (helmet currently unavailable)
rElec   .          Rampage  .    (cloak currently unavailable)
rCorr   .          NoTele   +    (gloves currently unavailable)
Will    .....                    (boots currently unavailable)
Stlth   ++                       (no amulet)
HPRegen 0.31/turn                k - +6 ring of intelligence
MPRegen 0.20/turn                o - +6 ring of intelligence

@: lethally poisoned (0 -> -9), tree-form
A: stationary, stasis, torment immunity, boosted hp
a: Renounce Religion


You were on level 6 of the Dungeon.
You worshipped Vehumet.
Vehumet was aware of your devotion.
You were a tree.
You visited 1 branch of the dungeon, and saw 6 of its levels.

You collected 306 gold pieces.

Inventory:

Missiles
 n - 2 throwing nets
Armour
 a - a +0 robe (melded)
Jewellery
 j - a ring of protection from cold
 k - a +6 ring of intelligence (left branch)
 o - a +6 ring of intelligence (right branch)
 r - a ring of wizardry
Wands
 x - a wand of polymorph (12)
Scrolls
 d - a scroll of brand weapon {unknown}
 e - a scroll of poison {unknown}
 m - 3 scrolls of teleportation {unknown}
 p - a scroll of fear {unknown}
 q - a scroll of torment {unknown}
 u - a scroll of blinking {unknown}
 v - a scroll of immolation {unknown}
 w - 2 scrolls of identify {unknown}
 y - a scroll of noise {unknown}
Potions
 b - 2 potions of magic
 c - 3 potions of ambrosia {unknown}
 f - a potion of invisibility {unknown}
 g - 3 potions of curing {unknown}
 h - a potion of heal wounds {unknown}
 i - a potion of haste {unknown}
 l - 3 potions of lignification
 s - 2 potions of berserk rage {unknown}
 t - a potion of flight {unknown}
 z - a potion of attraction {unknown}
 A - a potion of might {unknown}


   Skills:
 - Level 2.4 Dodging
 - Level 2.4 Stealth
 + Level 11.3 Spellcasting
 - Level 1.1 Transmutations
 + Level 9.8 Earth Magic


You had 29 spell levels left.
You knew the following spells:

 Your Spells              Type           Power      Damage    Failure   Level
a - Sandblast             Erth           100%       2d20      1%          1

Your spell library contained the following spells:

 Spells                   Type           Power      Damage    Failure   Level
 Foxfire                  Conj/Fire      80%        2x1d8     1%          1
 Passwall                 Tmut/Erth      47%        N/A       1%          2
 Stone Arrow              Conj/Erth      100%       3d13      1%          3
 Petrify                  Tmut/Erth      57%        N/A       1%          4


Dungeon Overview and Level Annotations

Branches:
Dungeon (6/15)
 Temple: D:4-7

Altars:
Elyvilon
Gozag
Nemelex Xobeh
Qazlal
Vehumet
Wu Jian

Annotations:
D:4 3 runed translucent doors, tarna41's ghost, amateur MiBe


Message History

You kill Blork the orc!
Vehumet accepts your kill.
You can't see any susceptible monsters within range! (Use Z to cast anyway.)
You can't see any susceptible monsters within range! (Use Z to cast anyway.)
You see here a +0 shortbow.
An orc comes into view. It is wielding a +0 hand axe.
An orc is nearby!
An orc is nearby!
A scorpion and 4 orcs come into view.
The orc shouts!
The orc priest shouts!
The orc warrior shouts!
The orc throws a boomerang.
The boomerang barely misses you.
The orc wizard shouts!
The blast of sand hits the orc warrior!
The orc warrior is heavily wounded.
The orc shouts!
The orc priest miscasts a cantrip.
The orc warrior throws a boomerang.
The boomerang hits you.
The blast of sand misses the orc warrior.
The orc wizard points at you and mumbles some strange words.
The magic dart hits you.
The orc priest calls upon Beogh to heal the orc warrior.
The orc warrior is healed somewhat.
The blast of sand hits the scorpion!
The scorpion is almost dead.
The orc wizard mumbles some strange words.
The orc wizard flickers and vanishes!
Deactivating autopickup; reactivate with Ctrl-A.
The orc priest mumbles some strange prayers to Beogh against you.
Beogh smites you!
The orc priest invokes the aid of Beogh against you.
Beogh smites you!
* * * LOW HITPOINT WARNING * * *
The scorpion attacks as you move away! The scorpion barely misses you.
The scorpion stings you.
* * * LOW HITPOINT WARNING * * *
You are lethally poisoned!
The scorpion poisons you!
It was a potion of lignification.
You turn into a tree.
Your +0 robe melds into your body.
Your roots penetrate the ground.
You die...

#..<....# #.......#
# #.......# .#
#.......# ..#
#.......# ...#
#.......# ....#
#.......#
####......
#.......#
##.soooo...
#.......###
###.♣##......
#####.....###.).##
..... #####.....###
###. ##..###
##...## #..#..#
##.###.#
####..###.######
####....###.......#


You could see an orc warrior, a scorpion, an orc priest and 2 orcs.

Vanquished Creatures
  Pikel (D:6)
  Edmund (D:5)
  A water moccasin (D:4)
  An ogre (D:5)
  A lemure (D:6)
  5 phantoms
  Blork the orc (D:6)
  2 scorpions (D:5)
  A howler monkey (D:5)
  2 jellies
  An orc priest (D:5)
  3 bullfrog skeletons (D:4)
  A hound (D:5)
  3 iguanas
  A scorpion zombie (D:4)
  2 sleepcaps
  3 orc wizards
  Ijyb (D:5)
  3 hound zombies (D:4)
  4 hound skeletons (D:4)
  7 adders
  An ufetubus (D:5)
  7 adder zombies (D:4)
  A worm (D:2)
  5 orcs
  9 endoplasms
  A giant cockroach (D:2)
  7 goblins
  3 hobgoblins
  6 quokkas
  4 ball pythons
  5 bats
  3 frilled lizards
  4 kobolds
  4 rats
105 creatures vanquished.

Vanquished Creatures (others)
  4 withered plants (D:4)
4 creatures vanquished.

Grand Total: 109 creatures vanquished

Notes
Turn   | Place    | Note
-------+----------+-------------------------------------------
     0 | D:1      | cforsyth the Deep Elf Earth Elementalist began the quest
                  | for the Orb.
     0 | D:1      | Reached XP level 1. HP: 10/10 MP: 6/6
   162 | D:1      | Reached XP level 2. HP: 15/15 MP: 6/8
   986 | D:2      | Reached skill level 4 in Spellcasting
   999 | D:2      | Reached XP level 3. HP: 19/19 MP: 6/10
  1454 | D:2      | Found a radiant altar of Vehumet.
  1464 | D:2      | Became a worshipper of Vehumet
  1869 | D:3      | Found an ornate altar of the Wu Jian Council.
  2745 | D:4      | Noticed a phantom
  2747 | D:4      | Reached XP level 4. HP: 23/24 MP: 10/12
  2749 | D:4      | Killed a phantom
  2750 | D:4      | Reached skill level 5 in Spellcasting
  2750 | D:4      | Reached skill level 5 in Earth Magic
  2750 | D:4      | Reached XP level 5. HP: 24/28 MP: 7/14
  2870 | D:4      | Reached skill level 6 in Spellcasting
  2947 | D:4      | Found a runed translucent gate.
  2947 | D:4      | Found a runed translucent gate.
  2947 | D:4      | Found a runed translucent gate.
  2949 | D:4      | Noticed tarna41's ghost (amateur MiBe)
  3074 | D:4      | Noticed a water moccasin
  3077 | D:4      | Killed a water moccasin
  3078 | D:4      | Reached XP level 6. HP: 27/32 MP: 12/17
  3234 | D:4      | Reached skill level 7 in Spellcasting
  3381 | D:4      | Reached XP level 7. HP: 36/36 MP: 17/19
  3471 | D:4      | Reached * piety under Vehumet
  3471 | D:4      | Offered knowledge of Foxfire by Vehumet.
  3474 | D:4      | Reached skill level 8 in Spellcasting
  3761 | D:5      | Entered Level 5 of the Dungeon
  3784 | D:5      | Noticed Ijyb
  3789 | D:5      | Killed Ijyb
  3818 | D:5      | Reached skill level 9 in Spellcasting
  3818 | D:5      | Reached XP level 8. HP: 41/41 MP: 10/23
  4145 | D:5      | Noticed Edmund
  4147 | D:5      | Killed Edmund
  4250 | D:5      | Found a stormy altar of Qazlal.
  4250 | D:5      | Found an opulent altar of Gozag.
  4250 | D:5      | Found a white marble altar of Elyvilon.
  4251 | D:5      | Found a sparkling altar of Nemelex Xobeh.
  4255 | D:5      | Reached skill level 10 in Spellcasting
  4647 | D:6      | Noticed Pikel
  4655 | D:6      | Killed Pikel
  4656 | D:6      | Reached skill level 11 in Spellcasting
  4656 | D:6      | Reached XP level 9. HP: 29/45 MP: 18/26
  4776 | D:6      | Noticed Blork the orc
  4779 | D:6      | Killed Blork the orc
  4810 | D:6      | HP: 2/45 [scorpion (6)]
  4811 | D:6      | Succumbed to a scorpion's poison

Illustrated notes

Levels and vault maps discovered:
D:1:      onia_arrival_pyramid, layout_basic
D:2:      layout_basic, basic_altar
D:3:      layout_basic, mainiacjoe_overflow_24_doors
D:4:      layout_basic, ebering_ghost_rock_garden, serial_undead,
          serial_undead_a, serial_undead_d, serial_undead_d, serial_undead_b,
          serial_undead_d, serial_undead_e, serial_undead_e, serial_undead_d
D:5:      layout_basic, chequers_temple_overflow_statue_of_worship,
          nicolae_titane, uniq_ijyb, uniq_edmund
D:6:      layout_rooms, serial_shops, shop, hangedman_decor_opposing,
          uniq_pikel, uniq_blork_the_orc

Skill      XL: |  1  2  3  4  5  6  7  8 |
---------------+-------------------------+-----
Spellcasting   | 4 5 6 7 9 11 | 11.3
Earth Magic    | 4 5 6 8 9 |  9.8
Dodging        | |  2.4
Stealth        | |  2.4
Transmutations | |  1.1

Action                     |  1- 3 |  4- 6 |  7- 9 || total
---------------------------+-------+-------+-------++-------
  Melee: Unarmed           |     1 |       |       ||     1
   Cast: Sandblast         |    58 |    43 |    72 ||   173
    Use: Potion            |       |       |     1 ||     1
 Armour: Robe              |     2 |     3 |     3 ||     8
  Dodge: Dodged            |     6 |    18 |    10 ||    34

Table legend: (Time is in decaauts)
 A = Elapsed time spent in this place.
 B = Non-inter-level travel time spent in this place.
 C = Inter-level travel time spent in this place.
 D = Time resting spent in this place.
 E = Time spent auto-exploring this place.
 F = Levels seen in this place.
 G = Mean time per level.
                   A        B        C        D        E       F      G
               +--------+--------+--------+--------+--------+-----+--------+
         Total |   4894 |   4801 |     93 |    115 |   4148 |   6 |  815.7 |
       Dungeon |   4894 |   4801 |     93 |    115 |   4148 |   6 |  815.7 |
               +--------+--------+--------+--------+--------+-----+--------+

Top non-repeatable levels by time:
     D:4: 1121 daAuts
     D:2: 1021 daAuts
     D:3: 937 daAuts
     D:5: 860 daAuts
     D:1: 737 daAuts
     D:6: 215 daAuts
